 Dungeon Crawl Stone Soup version 0.28-b1-70-g80dc712255 (webtiles) character file.

Game seed: 9359466097905848973

247 Kranky the Protected (level 6, -2/48 (50) HPs)
             Began as a Gnoll Wanderer on Feb 4, 2022.
             Slain by a wight (14 damage)
             ... on level 4 of the Dungeon.
             The game lasted 00:05:48 (3878 turns).

Kranky the Protected (Gnoll Wanderer)               Turns: 3878, Time: 00:05:49

HP:   -2/48 (50)    AC: 12    Str: 14    XL:     6   Next: 11%
MP:   13/13         EV: 10    Int:  8    God:
Gold: 168           SH:  0    Dex: 14    Spells: 15/15 levels left

rFire   . . .      SeeInvis +   n - +2 dagger (venom)
rCold   . . .      Faith    .   (no shield)
rNeg    . . .      Spirit   .   b - +2 scale mail
rPois   .          Reflect  .   l - +0 helmet
rElec   .          Harm     .   (no cloak)
rCorr   .          Rampage  .   (no gloves)
Will    .....                   (no boots)
Stlth   +.........              (no amulet)
HPRegen 0.16/turn               e - ring of see invisible
MPRegen 0.13/turn               (no ring)

@: lightly drained
A: fangs 1, strong nose, distributed training
a: no special abilities


You were on level 4 of the Dungeon.
You visited 1 branch of the dungeon, and saw 4 of its levels.

You collected 168 gold pieces.

Inventory:

Hand Weapons
 n - a +2 dagger of venom (weapon)
 p - a +2 vampiric short sword
Missiles
 o - 3 poisoned darts (quivered)
Armour
 b - a +2 scale mail (worn)
 l - a +0 helmet (worn)
Jewellery
 e - a ring of see invisible (left hand)
Scrolls
 c - 2 scrolls of teleportation
 d - a scroll of blinking {unknown}
 g - 3 scrolls of identify {unknown}
 j - a scroll of fear {unknown}
Potions
 a - a potion of flight {unknown}
 f - a potion of haste {unknown}
 h - a potion of brilliance {unknown}
 i - a potion of heal wounds {unknown}
 k - a potion of magic {unknown}
 m - a potion of attraction {unknown}


   Skills:
 + Level 4.9 Fighting
 + Level 1.8 Short Blades
 + Level 1.8 Long Blades
 + Level 1.8 Axes
 + Level 1.8 Maces & Flails
 + Level 1.8 Polearms
 + Level 3.1 Staves
 + Level 1.8 Slings
 + Level 1.8 Bows
 + Level 1.8 Crossbows
 + Level 1.8 Throwing
 + Level 10.6 Armour
 + Level 1.8 Dodging
 + Level 1.8 Stealth
 + Level 1.8 Shields
 + Level 1.8 Unarmed Combat
 + Level 5.3 Spellcasting
 + Level 1.4 Conjurations
 + Level 1.4 Hexes
 + Level 1.4 Summonings
 + Level 1.4 Necromancy
 + Level 1.4 Translocations
 + Level 1.4 Transmutations
 + Level 1.4 Fire Magic
 + Level 1.4 Ice Magic
 + Level 1.4 Air Magic
 + Level 1.4 Earth Magic
 + Level 1.4 Poison Magic
 + Level 2.0 Invocations
 + Level 1.8 Evocations


You had 15 spell levels left.
You didn't know any spells.
Your spell library was empty.

Dungeon Overview and Level Annotations

Branches:
Dungeon (4/15)
 Temple: D:4-7

Altars:
Hepliaklqana
Xom
Zin

Shops:
D:2 *


Innate Abilities, Weirdness & Mutations

You have very sharp teeth.
Your uncanny sense of smell can sniff out nearby items.
Your experience applies equally to all skills.


Message History

a +2 vampiric short sword; 2 silver boomerangs
p - a +2 vampiric short sword The orc warrior throws a stone.
The stone hits you but does no damage.
The orc warrior throws a stone.
The stone completely misses you.
The orc warrior throws a stone.
The stone hits you!
The orc warrior throws a stone.
The stone hits you but does no damage.
An adder comes into view.
The adder hisses angrily.
You barely miss the adder. The adder bites you but does no damage.
You hit the adder. Your bite misses the adder.
The adder is lightly wounded.
The adder barely misses you.
You hit the adder.
The adder is poisoned.
Your bite misses the adder.
The adder is moderately wounded.
The adder barely misses you.
You hit the adder but do no damage.
The adder is moderately wounded.
The adder bites you but does no damage.
The orc priest casts a cantrip, but nothing happens.
You miss the adder.
The adder is moderately wounded.
The adder misses you. The adder bites you.
You barely miss the adder.
The adder is moderately wounded.
The adder barely misses you.
You miss the adder.
The adder is moderately wounded.
The adder bites you.
The wight hits you with a +5 dire flail!
You feel drained.
You barely miss the adder.
The adder is moderately wounded.
The adder bites you but does no damage.
The orc warrior hits you from afar with a +0 glaive!
* * * LOW HITPOINT WARNING * * *
You hit the adder.
The adder looks as sick as possible!
The adder is heavily wounded.
You kill the adder!
The wight hits you with a +5 dire flail!
You die... .).....#.........# ozz

.......#.........#
....
.......#........z#
o...#
.......#.........#
....#
########.......zo#
######+##.# #.##o#
#.##z#
#############.##@#
............#.##.#
###...#####...##'####
#...# ##........#
#...# #........#
#...# #........#
#...# ##.##+####
##### #..#.#####
#.........


You could see an orc warrior, 3 wights and an orc priest.

Vanquished Creatures
  An ogre (D:4)
  Jessica (D:2)
  Terence (D:2)
  2 gnolls (D:3)
  4 adders
  An adder skeleton (D:4)
  A dart slug (D:2)
  An orc (D:4)
  7 endoplasms
  2 giant cockroaches
  7 goblins
  7 hobgoblins
  3 quokkas (D:1)
  3 ball pythons (D:3)
  9 bats
  4 frilled lizards
  7 kobolds
  7 rats
68 creatures vanquished.

Notes
Turn   | Place    | Note
-------+----------+-------------------------------------------
     0 | D:1      | Reached skill level 10 in Armour
     0 | D:1      | Kranky the Gnoll Wanderer began the quest for the Orb.
     0 | D:1      | Kranky set off with the following items: a +0 quarterstaff,
                  | a +2 scale mail, a scroll of teleportation
     0 | D:1      | Reached XP level 1. HP: 20/20 MP: 6/6
   130 | D:1      | Reached XP level 2. HP: 26/26 MP: 7/7
   610 | D:1      | Reached XP level 3. HP: 31/31 MP: 9/9
   683 | D:1      | Reached skill level 5 in Spellcasting
   705 | D:1      | Found a faded altar of an unknown god.
  1285 | D:2      | Noticed Jessica
  1296 | D:2      | Killed Jessica
  1297 | D:2      | Reached skill level 1 in Short Blades
  1297 | D:2      | Reached skill level 1 in Long Blades
  1297 | D:2      | Reached skill level 1 in Axes
  1297 | D:2      | Reached skill level 1 in Maces & Flails
  1297 | D:2      | Reached skill level 1 in Polearms
  1297 | D:2      | Reached skill level 1 in Slings
  1297 | D:2      | Reached skill level 1 in Bows
  1297 | D:2      | Reached skill level 1 in Crossbows
  1297 | D:2      | Reached skill level 1 in Throwing
  1297 | D:2      | Reached skill level 1 in Dodging
  1297 | D:2      | Reached skill level 1 in Stealth
  1297 | D:2      | Reached skill level 1 in Shields
  1297 | D:2      | Reached skill level 1 in Unarmed Combat
  1297 | D:2      | Reached skill level 1 in Invocations
  1297 | D:2      | Reached skill level 1 in Evocations
  1514 | D:2      | Reached XP level 4. HP: 36/38 MP: 11/11
  1670 | D:2      | Found Kougepp's Assorted Antiques.
  2030 | D:2      | Noticed Terence
  2047 | D:2      | Killed Terence
  2048 | D:2      | Reached skill level 1 in Conjurations
  2048 | D:2      | Reached skill level 1 in Hexes
  2048 | D:2      | Reached skill level 1 in Summonings
  2048 | D:2      | Reached skill level 1 in Necromancy
  2048 | D:2      | Reached skill level 1 in Translocations
  2048 | D:2      | Reached skill level 1 in Transmutations
  2048 | D:2      | Reached skill level 1 in Fire Magic
  2048 | D:2      | Reached skill level 1 in Ice Magic
  2048 | D:2      | Reached skill level 1 in Air Magic
  2048 | D:2      | Reached skill level 1 in Earth Magic
  2048 | D:2      | Reached skill level 1 in Poison Magic
  2319 | D:3      | Reached XP level 5. HP: 43/43 MP: 12/12
  2675 | D:3      | Found a glowing silver altar of Zin.
  2677 | D:3      | Found a hazy altar of Hepliaklqana.
  3366 | D:4      | Found a shimmering altar of Xom.
  3400 | D:4      | Noticed an orc warrior
  3659 | D:4      | Noticed an ogre
  3667 | D:4      | Killed an ogre
  3668 | D:4      | Reached XP level 6. HP: 41/50 MP: 13/13
  3878 | D:4      | Slain by a wight

Illustrated notes

Levels and vault maps discovered:
D:1:      dpeg_arrival_stonehenge_8_columns, layout_basic,
          shapermc_ecumenical_altar_acropolis
D:2:      layout_basic, serial_shops, shop, uniq_jessica, uniq_terence
D:3:      layout_basic, minitemple, minmay_misc_feat_columns,
          kennysheep_generic_room_13
D:4:      layout_basic, xom_teletrap_fun, chequers_serial_rivers_micro_b

Skill      XL: |  1  2  3  4  5 |
---------------+----------------+-----
Armour         | | 10.6
Spellcasting   | 5 |  5.3
Short Blades   | 1 |  1.8
Long Blades    | 1 |  1.8
Axes           | 1 |  1.8
Maces & Flails | 1 |  1.8
Polearms       | 1 |  1.8
Slings         | 1 |  1.8
Bows           | 1 |  1.8
Crossbows      | 1 |  1.8
Throwing       | 1 |  1.8
Dodging        | 1 |  1.8
Stealth        | 1 |  1.8
Shields        | 1 |  1.8
Unarmed Combat | 1 |  1.8
Invocations    | 1 2 |  2.0
Evocations     | 1 |  1.8
Conjurations   | 1 |  1.4
Hexes          | 1 |  1.4
Summonings     | 1 |  1.4
Necromancy     | 1 |  1.4
Translocations | 1 |  1.4
Transmutations | 1 |  1.4
Fire Magic     | 1 |  1.4
Ice Magic      | 1 |  1.4
Air Magic      | 1 |  1.4
Earth Magic    | 1 |  1.4
Poison Magic   | 1 |  1.4
Staves         | 3 |  3.1
Fighting       | |  4.9

Action                   |  1- 3 |  4- 6 || total
-------------------------+-------+-------++-------
Melee: Quarterstaff      |     7 |       ||     7
       Dagger            |    76 |   128 ||   204
       Bite              |     9 |     9 ||    18
       Punch             |     1 |     2 ||     3
Armor: Scale mail        |    40 |    61 ||   101
Dodge: Dodged            |    34 |    63 ||    97
